Workbook

Sheet Assumptions
A1: Seed Stage Financial Model Lite
A2: Free 12 month version. Edit only the yellow cells in column B. All other sheets update automatically.
A3: About this free version: This 12 month lite model has a paid full version with a 36 month forecast, cap table, and hiring plan available as an upgrade.
A5: Input | B5: Value | C5: Notes
A6: Starting MRR | B6: 10000 | C6: Monthly recurring revenue at the start of Month 1.
A7: New customers per month | B7: 20 | C7: New customers added each month.
A8: ARPA per month | B8: 100 | C8: Average revenue per account per month.
A9: Monthly churn rate | B9: 0.05 | C9: Share of beginning MRR lost each month.
A10: Headcount cost per month | B10: 25000 | C10: Total monthly cost for the team. Single line in this lite version.
A11: Other operating expenses per month | B11: 5000 | C11: Rent, software, and other monthly operating costs.
A12: Starting cash | B12: 50000 | C12: Cash in the bank at the start of Month 1.
A13: Fundraise amount | B13: 250000 | C13: Cash received in the fundraise month.
A14: Fundraise month | B14: 3 | C14: Month number from 1 to 12 when the fundraise lands.
A16: How to use
A17: Change any yellow value and check Revenue, P and L, Cash Flow, and Dashboard. The defaults above are example values for a small seed stage company.
A18: Lite version limits: 12 months only, single headcount cost line, no cap table, and no hiring schedule. Those are in the paid full version.

Sheet Revenue
A1: Revenue and MRR Bridge
A2: Item | B2: 1 | C2: 2 | D2: 3 | E2: 4 | F2: 5 | G2: 6 | H2: 7 | I2: 8 | J2: 9 | K2: 10 | L2: 11 | M2: 12
A3: Beginning MRR | B3: =Assumptions!$B$6 -> 10000 | C3: =B6 -> 11500 | D3: =C6 -> 12925 | E3: =D6 -> 14278.75 | F3: =E6 -> 15564.812 | G3: =F6 -> 16786.572 | H3: =G6 -> 17947.243 | I3: =H6 -> 19049.881 | J3: =I6 -> 20097.387 | ... M3: =L6 -> 22935.997
A4: New MRR | B4: =Assumptions!$B$7*Assumptions!$B$8 -> 2000 | C4: =Assumptions!$B$7*Assumptions!$B$8 -> 2000 | D4: =Assumptions!$B$7*Assumptions!$B$8 -> 2000 | E4: =Assumptions!$B$7*Assumptions!$B$8 -> 2000 | F4: =Assumptions!$B$7*Assumptions!$B$8 -> 2000 | G4: =Assumptions!$B$7*Assumptions!$B$8 -> 2000 | H4: =Assumptions!$B$7*Assumptions!$B$8 -> 2000 | I4: =Assumptions!$B$7*Assumptions!$B$8 -> 2000 | ... M4: =Assumptions!$B$7*Assumptions!$B$8 -> 2000
A5: Churned MRR | B5: =B3*Assumptions!$B$9 -> 500 | C5: =C3*Assumptions!$B$9 -> 575 | D5: =D3*Assumptions!$B$9 -> 646.25 | E5: =E3*Assumptions!$B$9 -> 713.9375 | F5: =F3*Assumptions!$B$9 -> 778.24063 | G5: =G3*Assumptions!$B$9 -> 839.32859 | H5: =H3*Assumptions!$B$9 -> 897.36216 | I5: =I3*Assumptions!$B$9 -> 952.49406 | ... M5: =M3*Assumptions!$B$9 -> 1146.7999
A6: Ending MRR | B6: =B3+B4-B5 -> 11500 | C6: =C3+C4-C5 -> 12925 | D6: =D3+D4-D5 -> 14278.75 | E6: =E3+E4-E5 -> 15564.812 | F6: =F3+F4-F5 -> 16786.572 | G6: =G3+G4-G5 -> 17947.243 | H6: =H3+H4-H5 -> 19049.881 | I6: =I3+I4-I5 -> 20097.387 | ... M6: =M3+M4-M5 -> 23789.197
A8: Notes
A9: New MRR equals new customers per month multiplied by ARPA. Churned MRR equals beginning MRR multiplied by the monthly churn rate.

Sheet P&L
A1: Profit and Loss
A2: Item | B2: 1 | C2: 2 | D2: 3 | E2: 4 | F2: 5 | G2: 6 | H2: 7 | I2: 8 | J2: 9 | K2: 10 | L2: 11 | M2: 12
A3: Revenue | B3: =Revenue!B6 -> 11500 | C3: =Revenue!C6 -> 12925 | D3: =Revenue!D6 -> 14278.75 | E3: =Revenue!E6 -> 15564.812 | F3: =Revenue!F6 -> 16786.572 | G3: =Revenue!G6 -> 17947.243 | H3: =Revenue!H6 -> 19049.881 | I3: =Revenue!I6 -> 20097.387 | ... M3: =Revenue!M6 -> 23789.197
A4: Headcount cost | B4: =Assumptions!$B$10 -> 25000 | C4: =Assumptions!$B$10 -> 25000 | D4: =Assumptions!$B$10 -> 25000 | E4: =Assumptions!$B$10 -> 25000 | F4: =Assumptions!$B$10 -> 25000 | G4: =Assumptions!$B$10 -> 25000 | H4: =Assumptions!$B$10 -> 25000 | I4: =Assumptions!$B$10 -> 25000 | ... M4: =Assumptions!$B$10 -> 25000
A5: Other operating expenses | B5: =Assumptions!$B$11 -> 5000 | C5: =Assumptions!$B$11 -> 5000 | D5: =Assumptions!$B$11 -> 5000 | E5: =Assumptions!$B$11 -> 5000 | F5: =Assumptions!$B$11 -> 5000 | G5: =Assumptions!$B$11 -> 5000 | H5: =Assumptions!$B$11 -> 5000 | I5: =Assumptions!$B$11 -> 5000 | ... M5: =Assumptions!$B$11 -> 5000
A6: Total costs | B6: =SUM(B4:B5) -> 30000 | C6: =SUM(C4:C5) -> 30000 | D6: =SUM(D4:D5) -> 30000 | E6: =SUM(E4:E5) -> 30000 | F6: =SUM(F4:F5) -> 30000 | G6: =SUM(G4:G5) -> 30000 | H6: =SUM(H4:H5) -> 30000 | I6: =SUM(I4:I5) -> 30000 | ... M6: =SUM(M4:M5) -> 30000
A7: EBITDA | B7: =B3-B6 -> -18500 | C7: =C3-C6 -> -17075 | D7: =D3-D6 -> -15721.25 | E7: =E3-E6 -> -14435.188 | F7: =F3-F6 -> -13213.428 | G7: =G3-G6 -> -12052.757 | H7: =H3-H6 -> -10950.119 | I7: =I3-I6 -> -9902.6129 | ... M7: =M3-M6 -> -6210.8026
A8: EBITDA margin | B8: =IF(B3=0,0,B7/B3) -> -1.6086957 | C8: =IF(C3=0,0,C7/C3) -> -1.3210832 | D8: =IF(D3=0,0,D7/D3) -> -1.1010242 | E8: =IF(E3=0,0,E7/E3) -> -0.92742444 | F8: =IF(F3=0,0,F7/F3) -> -0.78714274 | G8: =IF(G3=0,0,G7/G3) -> -0.67156591 | H8: =IF(H3=0,0,H7/H3) -> -0.57481298 | I8: =IF(I3=0,0,I7/I3) -> -0.49273136 | ... M8: =IF(M3=0,0,M7/M3) -> -0.26107659
A10: Notes
A11: Revenue is ending MRR for the month. EBITDA equals revenue minus headcount cost and other operating expenses.

Sheet Cash Flow
A1: Cash Flow and Runway
A2: Item | B2: 1 | C2: 2 | D2: 3 | E2: 4 | F2: 5 | G2: 6 | H2: 7 | I2: 8 | J2: 9 | K2: 10 | L2: 11 | M2: 12
A3: Beginning cash | B3: =Assumptions!$B$12 -> 50000 | C3: =B7 -> 31500 | D3: =C7 -> 14425 | E3: =D7 -> 248703.75 | F3: =E7 -> 234268.56 | G3: =F7 -> 221055.13 | H3: =G7 -> 209002.38 | I3: =H7 -> 198052.26 | J3: =I7 -> 188149.65 | ... M3: =L7 -> 164216.05
A4: Fundraise inflow | B4: =IF(B$2=Assumptions!$B$14,Assumptions!$B$13,0) -> 0 | C4: =IF(C$2=Assumptions!$B$14,Assumptions!$B$13,0) -> 0 | D4: =IF(D$2=Assumptions!$B$14,Assumptions!$B$13,0) -> 250000 | E4: =IF(E$2=Assumptions!$B$14,Assumptions!$B$13,0) -> 0 | F4: =IF(F$2=Assumptions!$B$14,Assumptions!$B$13,0) -> 0 | G4: =IF(G$2=Assumptions!$B$14,Assumptions!$B$13,0) -> 0 | H4: =IF(H$2=Assumptions!$B$14,Assumptions!$B$13,0) -> 0 | I4: =IF(I$2=Assumptions!$B$14,Assumptions!$B$13,0) -> 0 | ... M4: =IF(M$2=Assumptions!$B$14,Assumptions!$B$13,0) -> 0
A5: Operating cash flow | B5: ='P&L'!B7 -> -18500 | C5: ='P&L'!C7 -> -17075 | D5: ='P&L'!D7 -> -15721.25 | E5: ='P&L'!E7 -> -14435.188 | F5: ='P&L'!F7 -> -13213.428 | G5: ='P&L'!G7 -> -12052.757 | H5: ='P&L'!H7 -> -10950.119 | I5: ='P&L'!I7 -> -9902.6129 | ... M5: ='P&L'!M7 -> -6210.8026
A6: Net cash flow | B6: =B4+B5 -> -18500 | C6: =C4+C5 -> -17075 | D6: =D4+D5 -> 234278.75 | E6: =E4+E5 -> -14435.188 | F6: =F4+F5 -> -13213.428 | G6: =G4+G5 -> -12052.757 | H6: =H4+H5 -> -10950.119 | I6: =I4+I5 -> -9902.6129 | ... M6: =M4+M5 -> -6210.8026
A7: Ending cash | B7: =B3+B6 -> 31500 | C7: =C3+C6 -> 14425 | D7: =D3+D6 -> 248703.75 | E7: =E3+E6 -> 234268.56 | F7: =F3+F6 -> 221055.13 | G7: =G3+G6 -> 209002.38 | H7: =H3+H6 -> 198052.26 | I7: =I3+I6 -> 188149.65 | ... M7: =M3+M6 -> 158005.25
A8: Monthly burn | B8: =IF(B5<0,-B5,0) -> 18500 | C8: =IF(C5<0,-C5,0) -> 17075 | D8: =IF(D5<0,-D5,0) -> 15721.25 | E8: =IF(E5<0,-E5,0) -> 14435.188 | F8: =IF(F5<0,-F5,0) -> 13213.428 | G8: =IF(G5<0,-G5,0) -> 12052.757 | H8: =IF(H5<0,-H5,0) -> 10950.119 | I8: =IF(I5<0,-I5,0) -> 9902.6129 | ... M8: =IF(M5<0,-M5,0) -> 6210.8026
A9: Runway months remaining | B9: =IF(B8=0,"",B7/B8) -> 1.7027027 | C9: =IF(C8=0,"",C7/C8) -> 0.84480234 | D9: =IF(D8=0,"",D7/D8) -> 15.819591 | E9: =IF(E8=0,"",E7/E8) -> 16.228993 | F9: =IF(F8=0,"",F7/F8) -> 16.729582 | G9: =IF(G8=0,"",G7/G8) -> 17.340629 | H9: =IF(H8=0,"",H7/H8) -> 18.086768 | I9: =IF(I8=0,"",I7/I8) -> 19 | ... M9: =IF(M8=0,"",M7/M8) -> 25.440391
A11: Notes
A12: Operating cash flow uses EBITDA as a simple proxy. Monthly burn is shown only when operating cash flow is negative. Runway months remaining equals ending cash divided by monthly burn.

Sheet Dashboard
A1: Dashboard
A2: Key results for Month 12 unless noted. All values are live formulas linked to the yellow inputs.
A4: Metric | B4: Value | C4: Notes
A5: Ending cash (Month 12) | B5: ='Cash Flow'!M7 -> 158005.25 | C5: Cash at the end of Month 12.
A6: Ending MRR (Month 12) | B6: =Revenue!M6 -> 23789.197 | C6: Monthly recurring revenue at the end of Month 12.
A7: Total revenue (12 months) | B7: =SUM('P&L'!B3:M3) -> 218005.25 | C7: Sum of monthly revenue over 12 months.
A8: Monthly burn (Month 12) | B8: ='Cash Flow'!M8 -> 6210.8026 | C8: Zero if the month is cash positive.
A9: Runway months remaining | B9: =IF('Cash Flow'!M9="","Not burning",'Cash Flow'!M9) -> 25.440391 | C9: Ending cash divided by monthly burn. Shows Not burning when burn is zero.
A10: Burn multiple (Month 12) | B10: =IF((Revenue!M4-Revenue!M5)<=0,"",'Cash Flow'!M8/(Revenue!M4-Revenue!M5)) -> 7.2794206 | C10: Monthly burn divided by net new MRR for Month 12. Lower is more efficient.
A11: Cash out month | B11: =IF(COUNTIF('Cash Flow'!B7:M7,"<=0")=0,"No cash out within 12 months","Month "&INDEX('Cash Flow'!B2:M2,MATCH(TRUE,INDEX(('Cash Flow'!B7:M7<=0),0),0))) -> No cash out within 12 months | C11: First month where ending cash is zero or below.
A12: Net new MRR (Month 12) | B12: =Revenue!M4-Revenue!M5 -> 853.20014 | C12: New MRR minus churned MRR for Month 12.
A14: Chart Data
A15: Month | B15: Revenue | C15: Ending cash
A16: ='Cash Flow'!B2 -> 1 | B16: ='P&L'!B3 -> 11500 | C16: ='Cash Flow'!B7 -> 31500
A17: ='Cash Flow'!C2 -> 2 | B17: ='P&L'!C3 -> 12925 | C17: ='Cash Flow'!C7 -> 14425
A18: ='Cash Flow'!D2 -> 3 | B18: ='P&L'!D3 -> 14278.75 | C18: ='Cash Flow'!D7 -> 248703.75
A19: ='Cash Flow'!E2 -> 4 | B19: ='P&L'!E3 -> 15564.812 | C19: ='Cash Flow'!E7 -> 234268.56
A20: ='Cash Flow'!F2 -> 5 | B20: ='P&L'!F3 -> 16786.572 | C20: ='Cash Flow'!F7 -> 221055.13
A21: ='Cash Flow'!G2 -> 6 | B21: ='P&L'!G3 -> 17947.243 | C21: ='Cash Flow'!G7 -> 209002.38
A22: ='Cash Flow'!H2 -> 7 | B22: ='P&L'!H3 -> 19049.881 | C22: ='Cash Flow'!H7 -> 198052.26
A23: ='Cash Flow'!I2 -> 8 | B23: ='P&L'!I3 -> 20097.387 | C23: ='Cash Flow'!I7 -> 188149.65
A24: ='Cash Flow'!J2 -> 9 | B24: ='P&L'!J3 -> 21092.518 | C24: ='Cash Flow'!J7 -> 179242.16
A25: ='Cash Flow'!K2 -> 10 | B25: ='P&L'!K3 -> 22037.892 | C25: ='Cash Flow'!K7 -> 171280.06
A26: ='Cash Flow'!L2 -> 11 | B26: ='P&L'!L3 -> 22935.997 | C26: ='Cash Flow'!L7 -> 164216.05
A27: ='Cash Flow'!M2 -> 12 | B27: ='P&L'!M3 -> 23789.197 | C27: ='Cash Flow'!M7 -> 158005.25
